 Dungeon Crawl Stone Soup version 0.29.0-11-gd7f09526c8 (webtiles) character file.

Game seed: 3439459746611596262

127 diana the Insei (level 5, 0/35 HPs)
             Began as an Octopode Transmuter on Sept 4, 2022.
             Slain by Pargi (1 damage)
             ... in a sewer.
             The game lasted 00:07:21 (4233 turns).

diana the Insei (Octopode Transmuter)               Turns: 4233, Time: 00:07:21

Health: 0/35       AC:  2    Str:  9    XL:     5   Next: 11%
Magic:  6/8        EV: 19    Int: 18    God:
Gold:   112        SH:  0    Dex: 17    Spells: 2/8 levels left

rFire   + . .      SeeInvis .     - Unarmed
rCold   . . .      Faith    .   (shield currently unavailable)
rNeg    . . .      Spirit   .   (helmet currently unavailable)
rPois   x          Reflect  .   (no amulet)
rElec   .          Harm     .   j - ring of protection from fire
rCorr   +          Rampage  .   k - ring of resist corrosion
Will    +....                   m - ring of willpower
Stlth   +.........              (no ring)
HPRegen 0.11/turn               (no ring)
MPRegen 0.11/turn               (no ring)
                                (no ring)
                                (no ring)

@: spider-form (expiring), very slow
A: venomous fangs, almost no armour, (amphibious), 8 rings, tiny, (camouflage
1), (gelatinous body 1), (nimble swimmer 1), (tentacles)
a: End Transformation


You were in a sewer.
You were a venomous arachnid creature.
You visited 1 branch of the dungeon, and saw 4 of its levels.
You also visited: Sewer.

You collected 112 gold pieces.

Inventory:

Jewellery
 j - a ring of protection from fire (left front leg)
 k - a ring of resist corrosion (right front leg)
 m - a ring of willpower (on tentacle)
Scrolls
 b - a scroll of butterflies
 c - a scroll of summoning {unknown}
 d - 2 scrolls of identify {unknown}
 e - a scroll of noise {unknown}
 f - 4 scrolls of teleportation
 q - 3 scrolls of fear {unknown}
Potions
 a - a potion of lignification
 g - 3 potions of mutation {unknown}
 h - a potion of attraction {unknown}
 i - a potion of heal wounds {unknown}
 l - 2 potions of brilliance {unknown}
 n - a potion of berserk rage {unknown}
 o - 2 potions of flight {unknown}
 p - 2 potions of resistance {unknown}
 r - a potion of might {unknown}


   Skills:
 * Level 2.5 Fighting
 + Level 2.5 Dodging
 + Level 3.4 Unarmed Combat
 + Level 2.3 Spellcasting
 * Level 3.4 Transmutations


You had 2 spell levels left.
You knew the following spells:

 Your Spells              Type           Power      Damage    Failure   Level
a - Beastly Appendage     Tmut           28%        N/A       13%         1
b - Wereblood             Tmut           14%        N/A       17%         2
c - Spider Form           Tmut/Pois      8%         N/A       47%         3

Your spell library contained the following spells:

 Spells                   Type           Power      Damage    Failure   Level
 Summon Small Mammal      Summ           8%         N/A       36%         1
 Call Canine Familiar     Summ           2%         N/A       67%         3
 Summon Guardian Golem    Hex/Summ       2%         N/A       67%         3
 Ice Form                 Ice/Tmut       8%         N/A       83%         4


Dungeon Overview and Level Annotations

Branches:
Dungeon (4/15)              Sewer (1/1)
 Temple: D:4-7

Altars:
Fedhas
The Shining One

Annotations:
Sewer Pargi


Innate Abilities, Weirdness & Mutations

You are a venomous arachnid creature.
You have poisonous fangs.
You are tiny and dextrous.
Your spellcasting is less reliable in this form.
Your armour is entirely melded.
You are incapable of wielding weapons or throwing items.
You cannot wear most types of armour.
((You are amphibious.))
You can wear up to eight rings at the same time.
((Your skin changes colour to match your surroundings (Stealth+).))
((Your rubbery body absorbs attacks. (AC +1, EV +1)))
((You are camouflaged when in or above water. (Stealth+)))
((You have tentacles for arms and can constrict up to eight enemies at once.))


Message History

Okay, then.
You swap places.
You swap places.
Okay, then.
Okay, then.
Your butterfly disappears in a burst of colours!
Done exploring.
Pargi is nearby!
Okay, then.
Casting: Spider Form (quite dangerous; 26% risk of failure)
Confirm with . or Enter, or press ? or * to list all spells.
The spell is quite dangerous to miscast (26% risk of failure)!
Continue anyway?
You turn into a venomous arachnid creature.
Pargi shouts!
Pargi bites you!
Pargi closely misses you. x2; Pargi barely misses you.
Pargi closely misses you. x2
Your unstable footing causes you to fumble your attack.
Your unstable footing causes you to fumble your attack.
Pargi bites you. Pargi misses you. Pargi claws you but does no damage.
Your unstable footing causes you to fumble your attack.
Pargi completely misses you. Pargi misses you. x2
Your unstable footing causes you to fumble your attack.
Pargi completely misses you. Pargi closely misses you. x2
Your unstable footing causes you to fumble your attack.
Your transformation is almost over.
Pargi completely misses you. x2; Pargi closely misses you.
You closely miss Pargi. Pargi barely misses you. Pargi closely misses you.
Pargi claws you.
You barely miss Pargi. Pargi bites you. Pargi barely misses you.
Pargi misses you.
You closely miss Pargi. Pargi bites you!
* * * LOW HITPOINT WARNING * * *
Pargi claws you.
* * * LOW HITPOINT WARNING * * *
Pargi claws you but does no damage.
Unknown command.
Pargi bites you.
* * * LOW HITPOINT WARNING * * *
Pargi claws you.
You die...

#######...# ##~≈≈≈≈≈≈≈#
~.~~~.~.∩.# ##~≈≈≈≈≈≈≈##
#######...# #∩≈≈≈≈≈≈≈≈≈# #
##### #∩≈≈≈≈≈≈≈≈≈# #
##~≈≈≈≈≈≈≈≈# # ##.≈≈≈≈≈≈##
## ###~≈≈≈≈≈≈≈## .#
#~~≈≈≈≈≈≈≈≈≈# ~####
####s~≈≈≈≈≈≈≈≈≈# bb~.###
##.~T≈≈≈≈≈≈≈≈≈≈## b≈≈≈b.##
#..≈≈≈≈≈≈≈≈≈≈≈≈#
≈≈≈≈≈..######~≈≈≈≈≈≈≈≈≈≈≈##
≈≈≈≈≈≈≈~.#.#.≈≈≈≈≈≈≈≈≈≈≈≈≈#
≈≈≈≈≈≈≈≈~~~.≈≈≈≈≈≈≈≈≈≈≈≈≈##
≈≈≈≈≈≈≈≈≈≈≈≈≈≈≈≈≈≈≈≈≈≈≈≈##
≈≈≈≈≈bb≈≈≈≈≈≈≈≈≈≈≈≈≈≈≈≈##
≈≈≈≈≈b≈≈≈≈≈≈≈≈≈≈≈≈≈≈≈≈≈≈#


You could see Pargi.

Vanquished Creatures
  4 adders
  A river rat (D:4)
  A worm (D:2)
  6 orcs
  10 ball pythons
  5 endoplasms
  4 giant cockroaches (D:4)
  4 goblins
  6 hobgoblins
  4 jackals (D:3)
  4 quokkas
  8 bats
  9 frilled lizards
  2 kobolds
  6 rats
74 creatures vanquished.

Notes
Turn   | Place    | Note
-------+----------+-------------------------------------------
     0 | D:1      | diana the Octopode Transmuter began the quest for the Orb.
     0 | D:1      | Reached XP level 1. HP: 13/13 MP: 3/3
   358 | D:1      | Reached XP level 2. HP: 14/18 MP: 3/5
   634 | D:1      | Learned a level 2 spell: Wereblood
   797 | D:1      | Found a faded altar of an unknown god.
   980 | D:2      | Reached XP level 3. HP: 14/24 MP: 4/6
  1503 | D:2      | Found a blossoming altar of Fedhas.
  1976 | D:3      | Found a glowing golden altar of the Shining One.
  2395 | D:3      | Reached XP level 4. HP: 18/29 MP: 4/7
  3012 | D:4      | Noticed a phantom
  3240 | D:4      | Reached XP level 5. HP: 35/35 MP: 6/8
  3242 | D:4      | Found a glowing drain.
  3248 | Sewer    | Entered a sewer
  3379 | Sewer    | Noticed Pargi
  3396 | Sewer    | Learned a level 3 spell: Spider Form
  4233 | Sewer    | HP: 1/35 [Pargi (5)]
  4233 | Sewer    | Slain by Pargi

Illustrated notes

Levels and vault maps discovered:
D:1:      minmay_arrival_glassed_features, layout_loops_cross,
          hellmonk_ecumenical_altar_leap_of_faith
D:2:      layout_rooms, basic_altar
D:3:      layout_basic, marbit_many_paths
D:4:      layout_basic, gup_sewer_entry_bubbles
Sewer:    sewer_co_pargi_island

Skill      XL: |  1  2  3 |
---------------+----------+-----
Fighting       | 2 |  2.5
Transmutations | 3 |  3.4
Dodging        | |  2.5
Unarmed Combat | |  3.4
Spellcasting   | |  2.3

Action                   |  1- 3 |  4- 6 || total
-------------------------+-------+-------++-------
Melee: Unarmed           |    79 |    69 ||   148
       Constrict         |    18 |    14 ||    32
       Kick              |    18 |    18 ||    36
       Tentacles         |    15 |    11 ||    26
       Punch             |     1 |     1 ||     2
 Cast: Beastly Appendage |    31 |    12 ||    43
       Wereblood         |     2 |     7 ||     9
       Spider Form       |       |     2 ||     2
  Use: Scroll            |       |     2 ||     2
 Stab: Sleeping          |     9 |     5 ||    14
Armor: Skin              |     7 |     5 ||    12
Dodge: Dodged            |    42 |    82 ||   124
